 Dungeon Crawl Stone Soup version 0.27.0-1-g7a089689b8 (webtiles) character file.

Game seed: 8529586055937645773

4 Strat the Vexing (level 1, 0/16 HPs)
             Began as a Hill Orc Enchanter on Aug 5, 2021.
             Slain by a jackal (2 damage)
             ... on level 1 of the Dungeon.
             The game lasted 00:00:21 (53 turns).

Strat the Vexing (Hill Orc Enchanter)                 Turns: 53, Time: 00:00:23

Health: 0/16       AC:  2    Str: 10    XL:     1   Next: 70%
Magic:  1/3        EV: 12    Int: 15    God:
Gold:   0          SH:  0    Dex: 11    Spells: 2/3 levels left

rFire    . . .     SeeInvis .   a - +1 dagger
rCold    . . .     Faith    .   (no shield)
rNeg     . . .     Spirit   .   b - +0 robe
rPois    .         Reflect  .   (no helmet)
rElec    .         Harm     .   (no cloak)
rCorr    .         Rampage  .   (no gloves)
Will     .....                  (no boots)
Stlth    ++........             (no amulet)
HPRegen  0.05/turn              (no ring)
MPRegen  0.08/turn              (no ring)

@: no status effects
A: no striking features
a: no special abilities


You were on level 1 of the Dungeon.
You visited 1 branch of the dungeon, and saw 1 of its levels.

Inventory:

Hand Weapons
 a - a +1 dagger (weapon)
Armour
 b - a +0 robe (worn)


   Skills:
 + Level 1.4 Fighting
 - Level 1.0 Short Blades
 - Level 1.5 Dodging
 - Level 2.4 Stealth
 - Level 1.5 Spellcasting
 - Level 3.0 Hexes


You had 2 spell levels left.
You knew the following spells:

 Your Spells              Type           Power      Damage    Failure   Level
a - Corona                Hex            11%        N/A       7%          1

Your spell library contained the following spells:

 Spells                   Type           Power      Damage    Failure   Level
 Ensorcelled Hibernation  Hex/Ice        10%        N/A       19%         2
 Confusing Touch          Hex            10%        N/A       21%         3
 Tukima's Dance           Hex            10%        N/A       21%         3
 Dazzling Flash           Conj/Hex       10%        N/A       36%         3


Dungeon Overview and Level Annotations

Branches:
Dungeon (1/15)

Altars:


Message History

You barely miss the jackal. The jackal closely misses you.
The jackal bites you but does no damage.
Casting: Corona (safe; 7% risk of failure)
Confirm with . or Enter, or press ? or * to list all spells.
Aiming: Corona (safe; 7% risk of failure)
Press: ? - help, Shift-Dir - straight line, f - jackal
Aim: a jackal (chance to affect: 63%)
The jackal is outlined in light.
The jackal barely misses you.
You hit the jackal.
The jackal is moderately wounded.
The jackal closely misses you.
You closely miss the jackal.
The jackal is moderately wounded.
The jackal bites you.
* * * LOW HITPOINT WARNING * * *
The jackal misses you.
You hit the jackal.
The jackal is heavily wounded.
The jackal closely misses you.
You hit the jackal.
You kill the jackal!
You hit the jackal.
The jackal is heavily wounded.
The jackal barely misses you.
Casting: Corona (safe; 7% risk of failure)
Confirm with . or Enter, or press ? or * to list all spells.
Aiming: Corona (safe; 7% risk of failure)
Press: ? - help, Shift-Dir - straight line, f - jackal
Aim: a jackal (heavily wounded, chance to affect: 63%)
The jackal is outlined in light.
The jackal barely misses you.
The jackal bites you but does no damage.
You barely miss the jackal.
The jackal is heavily wounded.
The jackal barely misses you.
You hit the jackal.
The jackal is almost dead.
The jackal bites you.
* * * LOW HITPOINT WARNING * * *
The jackal bites you.
You die...

.##### #.#
....#######..#
#...........#
#...##......#
#...##......#
##.#......##......
#..#.####.# #####
#.##.#....#
#@####.<.## #h#
#....# #h###.####
#..##....
#.......#
#.......#
#........
#...##### #)###


You could see 2 jackals.

Vanquished Creatures
  A ball python (D:1)
  2 jackals (D:1)
  A kobold (D:1)
4 creatures vanquished.

Notes
Turn   | Place    | Note
-------+----------+-------------------------------------------
     0 | D:1      | Strat the Hill Orc Enchanter began the quest for the Orb.
     0 | D:1      | Reached XP level 1. HP: 14/14 MP: 3/3
    43 | D:1      | Reached skill level 1 in Fighting
    53 | D:1      | Slain by a jackal

Illustrated notes

Levels and vault maps discovered:
D:1:      amcnicky_arrival_double_pillar, layout_basic,
          shapermc_ecumenical_altar_mp_highgroup

Skill      XL: |  1 |
---------------+----+-----
Fighting       | 1 |  1.4
Short Blades   | |  1.0
Dodging        | |  1.5
Stealth        | |  2.4
Spellcasting   | |  1.5
Hexes          | |  3.0

Action                   || total
-------------------------++-------
Melee: Dagger            ||    18
 Cast: Corona            ||     2
Armor: Robe              ||     5
Dodge: Dodged            ||    15
